 Dungeon Crawl Stone Soup version 0.19.5 (webtiles) character file.

32 tidbits the Changer (level 3, 2/24 HPs)
             Began as a High Elf Wanderer on Oct 29, 2017.
             Quit the game on level 3 of the Dungeon.
             The game lasted 00:05:14 (769 turns).

tidbits the Changer (High Elf Wanderer)              Turns: 769, Time: 00:05:14

Health: 2/24       AC:  6    Str: 10 (12) XL:     3   Next: 8%
Magic:  0/5        EV: 12    Int: 15 (17) God:
Gold:   117        SH:  0    Dex: 12 (13) Spells: 3 memorised, 1 level left

rFire  + . .     SeeInvis .     a - +0 short sword
rCold  . . .     Gourm    .     B - +2 leather armour
rNeg   . . .     Faith    .     (no shield)
rPois  .         Spirit   .     (no helmet)
rElec  .         Reflect  .     C - +0 cloak
rCorr  .         Harm     .     (no gloves)
MR     .....                    (no boots)
Stlth  +.........               (no amulet)
                                (no ring)
                                e - ring of protection from fire

@: lethally poisoned (2 -> -34), very slightly contaminated
A: no striking features
a: no special abilities


You were on level 3 of the Dungeon.
You were not hungry.

You visited 1 branch of the dungeon, and saw 3 of its levels.

You collected 117 gold pieces.

Inventory:

Hand Weapons
 a - a +0 short sword (weapon)
   (You found it on level 1 of the Dungeon)
 d - a +0 dagger
Missiles
 i - 6 tomahawks (quivered)
 j - 46 stones
 m - 21 arrows
Armour
 B - a +2 leather armour (worn)
 C - a +0 cloak (worn)
   (You found it on level 1 of the Dungeon)
Jewellery
 e - a ring of protection from fire (left hand)
   (You found it on level 1 of the Dungeon)
Scrolls
 h - a scroll of remove curse {unknown}
 l - a scroll of amnesia {unknown}
 n - a scroll of immolation {unknown}
 p - 2 scrolls of teleportation {unknown}
 q - a scroll of random uselessness {unknown}
Potions
 c - 2 potions of lignification
Books
 b - the Papyrus of Calling

   Spells                             Type                      Level
   a - Summon Small Mammal            Summoning                    1
   b - Recall                         Summoning/Translocation      3
 o - a book of Cantrips
   (You found it on level 3 of the Dungeon)

   Spells                             Type                      Level
   a - Confusing Touch                Hexes                        1
   b - Animate Skeleton               Necromancy                   1
   c - Summon Small Mammal            Summoning                    1
   d - Apportation                    Translocation                1
Comestibles
 f - 2 bread rations
 g - a slice of pizza


   Skills:
 + Level 2.1 Fighting
   Level 1.0 Staves
 - Level 1.0 Throwing
 + Level 2.5 Dodging
 - Level 1.1 Stealth
 - Level 1.3 Spellcasting
   Level 4.3 Transmutations


You had one spell level left.
You knew the following spells:

 Your Spells              Type           Power        Failure   Level  Hunger
a - Apportation           Tloc           #.........   38%         1    ##.....
m - Summon Small Mammal   Summ           #...         38%         1    ##.....
n - Animate Skeleton      Necr           N/A          38%         1    ##.....


Dungeon Overview and Level Annotations

Branches:
Dungeon (3/15)

Altars:


Message History

You are very lightly contaminated with residual magic.
A fistful of eyes flickers past your view.
The jackal barks!
A kobold comes into view. It is wielding a dagger of venom.
Casting: Summon Small Mammal
Confirm with . or Enter, or press ? or * to list all spells.
Casting: Summon Small Mammal
Confirm with . or Enter, or press ? or * to list all spells.
You miscast Summon Small Mammal.
Strange energies run through your body.
Casting: Summon Small Mammal
Confirm with . or Enter, or press ? or * to list all spells.
You hit the worm but do no damage. The worm closely misses you.
The jackal barely misses your rat.
Your rat bites the worm.
You barely miss the worm.
The worm is lightly wounded.
The jackal bites your rat.
Your rat dies!
Your rat's corpse disappears in a puff of smoke!
The worm bites you but does no damage.
You hit the worm.
The worm is heavily wounded.
The jackal misses you.
Your rat barely misses the jackal.
The jackal bites you but does no damage.
You closely miss the jackal. Your rat misses the jackal.
The jackal bites you but does no damage.
You closely miss the jackal. The jackal closely misses you.
Your rat closely misses the jackal.
The jackal barely misses you.
You hit the jackal.
The jackal is moderately wounded.
Your rat bites the jackal but does no damage.
The jackal bites you but does no damage.
You hit the jackal.
You kill the jackal!
You have reached level 3!
Your experience leads to an increase in your attributes!
Increase (S)trength, (I)ntelligence, or (D)exterity?
You feel stronger.
You feel agile.
The kobold throws a stone.
The stone hits your rat but does no damage.
The worm bites your rat!
Your rat dies!
Your rat's corpse disappears in a puff of smoke!
Casting: Summon Small Mammal
Confirm with . or Enter, or press ? or * to list all spells.
You miscast Summon Small Mammal.
A fistful of eyes flickers past your view.
The kobold throws a stone.
The stone hits you but does no damage.
Casting: Summon Small Mammal
Confirm with . or Enter, or press ? or * to list all spells.
You completely miss the worm.
The worm is lightly wounded.
Your bat hits the worm.
Your bat completely misses the worm.
You hit the worm.
The worm is heavily wounded.
Your bat barely misses the worm.
The worm bites you but does no damage.
You hit the worm.
The worm is heavily wounded.
Your bat hits the worm. The kobold barely misses you.
Your bat hits the worm. You barely miss the worm.
The worm is severely wounded.
Your bat barely misses the worm.
Your bat hits the kobold but does no damage.
The worm closely misses you. The kobold hits you but does no damage.
You are poisoned.
Your bat closely misses the worm.
You hit the worm.
The worm is severely wounded.
You feel sick.
Your bat closely misses the worm.
The kobold hits you but does no damage.
You are lethally poisoned!
The worm bites you!
You hit the worm.
The worm is almost dead.
* * * LOW HITPOINT WARNING * * *
You feel sick.
Your bat barely misses the worm.
Your bat hits the worm. x2
The worm dies!
The kobold hits you but does no damage.
You are more poisoned.
* * * LOW HITPOINT WARNING * * *
You feel very sick.
Your bat barely misses the kobold.
The kobold hits you but does no damage.
You are more poisoned.
Your bat barely misses the kobold.
You see here a worm corpse.
You closely miss the kobold.
* * * LOW HITPOINT WARNING * * *
You feel very sick.
Your bat closely misses the kobold.
The kobold hits you but does no damage.
It was a potion of degeneration.
There was something very wrong with that liquid.
You feel weakened.
You feel dopey.
You feel clumsy.
* * * LOW HITPOINT WARNING * * *
You feel sick.
Your bat hits the kobold but does no damage.
Your bat closely misses the kobold.
The kobold hits you with a dagger of venom.
* * * LOW HITPOINT WARNING * * *
Are you sure you want to abandon this character and quit the game? (Confirm with "yes".)

#. #. .####[ ....#.
#...### #.....#######
#...K....# #. #(####....#
## #..#K@.####....K. ###.
#.......####..####...
#######b....# ###.....
##§# ##.....######.....
#§#####....####..####...
##.###....####......####.
#.......####....##....###
#...###.........###......
##### #########..........


You could see a kobold and a friendly bat.

Vanquished Creatures
  3 worms
  2 leopard geckos (D:1)
  3 bats
  A giant cockroach (D:2)
  A hobgoblin (D:1)
  A jackal (D:3)
  2 kobolds (D:1)
  4 rats (D:1)
17 creatures vanquished.

Vanquished Creatures (collateral kills)
  A worm (D:3)
  A dart slug (D:1)
  A rat (D:1)
3 creatures vanquished.

Grand Total: 20 creatures vanquished

Notes
Turn   | Place    | Note
-------+----------+-------------------------------------------
     0 | D:1      | tidbits the High Elf Wanderer began the quest for the Orb.
     0 | D:1      | tidbits set off with: a +2 leather armour, the Papyrus of Calling, a potion of lignification, a +0 dagger, a bread ration
     0 | D:1      | Reached XP level 1. HP: 13/13 MP: 3/3
     0 | D:1      | Identified the Papyrus of Calling
     2 | D:1      | Learned a level 1 spell: Summon Small Mammal
   160 | D:1      | Reached XP level 2. HP: 8/18 MP: 4/4
   376 | D:2      | Reached skill level 2 in Dodging
   491 | D:2      | Reached skill level 2 in Fighting
   647 | D:3      | Learned a level 1 spell: Animate Skeleton
   649 | D:3      | Learned a level 1 spell: Apportation
   756 | D:3      | Reached XP level 3. HP: 21/24 MP: 1/5
   768 | D:3      | HP: 2/24 [kobold/dagger of venom (1)]
   769 | D:3      | Quit the game

Skill      XL: |  1  2 |
---------------+-------+-----
Dodging        | 2 |  2.5
Fighting       | 2 |  2.1
Staves         | |  1.0
Throwing       | |  1.0
Stealth        | |  1.1
Spellcasting   | |  1.3
Transmutations | |  4.3

Action                   || total
-------------------------++-------
Melee: Short sword       ||    63
       Dagger            ||    11
       Unarmed           ||     3
 Cast: Summon Small Mamm ||     7
  Use: Potion            ||     2
 Stab: Sleeping          ||     1
Armor: Leather armour    ||    30
Dodge: Dodged            ||    45

Table legend:
 A = Turns spent in this place as a percentage of turns spent in the entire game.
 B = Non-inter-level travel turns spent in this place as a percentage of non-inter-level travel turns spent in the entire game.
 C = Inter-level travel turns spent in this place as a percentage of turns spent in this place.
 D = Turns resting spent in this place as a percentage of non-inter-level travel turns spent in this place.
 E = Turns spent auto-exploring this place as a percentage of non-inter-level travel turns spent in this place.
 F = Non-inter-level travel turns spent in this place divided by the number of levels of this place that you've seen.
                   A       B       C       D       E      F
               +-------+-------+-------+-------+-------+----------------------
         Total | 100.0 | 100.0 |   0.2 |   0.0 |   0.0 | 210.0
       Dungeon | 100.0 | 100.0 |   0.2 |   0.0 |   0.0 | 210.0
               +-------+-------+-------+-------+-------+----------------------

Table legend:
 A = Kills in this place as a percentage of kills in entire the game.
 B = Kills by you in this place as a percentage of kills by you in the entire game.
 C = Kills by friends in this place as a percentage of kills by friends in the entire game.
 D = Other kills in this place as a percentage of other kills in the entire game.
 E = Experience gained in this place as a percentage of experience gained in the entire game.
 F = Experience gained in this place divided by the number of levels of this place that you have seen.
                   A       B       C       D       E      F
               +-------+-------+-------+-------+-------+----------------------
         Total | 100.0 | 100.0 | 100.0 |  -nan | 100.0 |  15.3
       Dungeon | 100.0 | 100.0 | 100.0 |  -nan | 100.0 |  15.3
               +-------+-------+-------+-------+-------+----------------------

Vault maps used:
D:1:      lemuel_arrival_muddy
D:2:      nicolae_overflow_crystal_walls, uniq_crazy_yiuf_cottage, uniq_sigmund
D:3:      xom_teletrap_fun, old_standard_altar, minmay_misc_feat_x,
          grunt_ministairs_4, minmay_misc_feat_pillars
